 Dungeon Crawl Stone Soup version 0.16.1-7-g2c6721e (webtiles) character file.

343 abixa the Cudgeler (level 6, -2/35 HPs)
             Began as a Gargoyle Gladiator on Mar 29, 2015.
             Was a Follower of Zin.
             Slain by an ogre
             ... wielding a +0 giant club
              (13 damage)
             ... on level 4 of the Dungeon.
             The game lasted 00:09:12 (2869 turns).

abixa the Cudgeler (Gargoyle Gladiator)             Turns: 2869, Time: 00:09:12

Health: -2/35      AC: 14    Str: 18    XL:     6   Next: 57%
Magic:  6/6        EV:  8    Int:  9    God:    Zin [*.....]
Gold:   150        SH:  0    Dex: 12    Spells: 0 memorised, 5 levels left

rFire  . . .     SeeInvis .     y - +0 hunting sling (curse)
rCold  . . .     Clarity  .     u - +0 chain mail
rNeg   + . .     SustAb   .     (no shield)
rPois  ∞         Gourm    .     c - +0 helmet
rElec  +         Spirit   .     (no cloak)
rCorr  .         Warding  .     (no gloves)
rMut   .         Stasis   .     (no boots)
MR     .....                    (no amulet)
Stlth  ..........               (no ring)
                                (no ring)

@: not resistant to hostile enchantments, extremely unstealthy
A: negative energy resistance 1, electricity resistance, unbreathing,
petrification resistance, rot immunity, AC +4
a: Recite, Renounce Religion


You were on level 4 of the Dungeon.
You worshipped Zin.
Zin was aware of your devotion.
You were hungry.

You visited 1 branch of the dungeon, and saw 4 of its levels.
You also visited: Sewer.

You collected 166 gold pieces.
You donated 16 gold pieces to Zin.

Inventory:

Hand weapons
 a - a +1 whip of electrocution
 y - a cursed +0 hunting sling (weapon)
Missiles
 d - 3 throwing nets
 p - 5 curare-tipped needles
 r - 102 stones
 t - 11 sling bullets (quivered)
Armour
 c - a +0 helmet (worn)
 u - a +0 chain mail (worn)
Magical devices
 k - a wand of digging (22)
Scrolls
 h - a scroll of fear
 i - 2 scrolls of recharging
 o - a scroll of remove curse
 q - a scroll of magic mapping
Potions
 e - 2 potions of curing {unknown}
 j - a potion of ambrosia {unknown}
 l - a potion of flight
 m - a potion of agility {unknown}
 s - a potion of invisibility {unknown}
 v - 4 potions of haste
 w - a potion of beneficial mutation {unknown}
 x - 3 potions of heal wounds
 A - 3 potions of restore abilities {unknown}
 B - a potion of berserk rage {unknown}
 E - a potion of poison {unknown}
Books
 C - a book of Spatial Translocations

   Spells                             Type                      Level
   a - Apportation                    Translocation                1
   b - Blink                          Translocation                2
   c - Shroud of Golubria             Charms/Translocation         2
   d - Portal Projectile              Translocation                3
   e - Teleport Other                 Translocation                3
   f - Passage of Golubria            Translocation                4
Comestibles
 b - 11 fruits
 f - 5 bread rations
 g - a slice of pizza
 z - 2 meat rations
 D - a beef jerky


   Skills:
 - Level 2.1 Fighting
 + Level 6.8 Maces & Flails
 - Level 2.0 Throwing
 + Level 2.1 Armour
 - Level 2.4 Dodging


You had 5 spell levels left.
You didn't know any spells.

Dungeon Overview and Level Annotations

Branches:
Dungeon (4/15)
 Temple: D:4-7

Altars:


Innate Abilities, Weirdness & Mutations

You are resistant to torment.
You are immune to poison.
Your stone body is very resilient (AC +4).
You resist negative energy.
You are resistant to electric shocks.
You can survive without breathing.
You are immune to petrification.
You are immune to rotting.


Message History

Firing (i - inventory. (,) - cycle):
t - 14 sling bullets (quivered)
Press: ? - help, Shift-Dir - straight line, f/p - ogre
Aim: an ogre, wielding a giant club (heavily wounded)
You shoot a sling bullet. The sling bullet hits the ogre.
The ogre is heavily wounded.
The ogre hits you with a giant club!
There is an open door here.
Firing (i - inventory. (,) - cycle):
t - 13 sling bullets (quivered)
Press: ? - help, Shift-Dir - straight line, f/p - ogre
Aim: an ogre, wielding a giant club (heavily wounded)
You shoot a sling bullet. The sling bullet hits the ogre.
The ogre is severely wounded.
The ogre hits you with a giant club.
Firing (i - inventory. (,) - cycle):
t - 12 sling bullets (quivered)
Press: ? - help, Shift-Dir - straight line, f/p - ogre
Aim: an ogre, wielding a giant club (severely wounded)
You shoot a sling bullet. The sling bullet hits the ogre.
The ogre is almost dead.
The ogre hits you with a giant club!
You die...

#.#.####..#############
#.#.#.................#
#.#.#.##..###(..#####.#
#.....)...##..(.....#.#
###.#.##.####.(.###.#.#####
#......# ##(.# #.......#
###.#### #(.#####.###.# #.#
#O.......# #.# #.#
##@######## #.# #.# ##...##
##.## ##.# ##.....##
##...## ##..# ##.......##
##.###.##
##...####.........###.##
##.###
##.......'.........+..##
##...
#...>....#.........##.#
#.##
#.##..##.##.......###.##
##.# #.###.##.###.....##
##.## ##.##


You could see an ogre.

Vanquished Creatures
  A centaur (D:4)
  A big kobold (Sewer)
  A giant frog skeleton (D:4)
  A worker ant (D:4)
  Jessica (D:3)
  6 adders
  2 worms
  2 giant geckos
  An ooze (D:4)
  An orc (D:3)
  6 goblins
  6 hobgoblins
  5 jackals
  A ball python (D:1)
  8 bats
  4 giant cockroaches
  3 giant newts
  7 kobolds
  13 rats
70 creatures vanquished.

Notes
Turn   | Place    | Note
--------------------------------------------------------------
     0 | D:1      | abixa, the Gargoyle Gladiator, began the quest for the Orb.
     0 | D:1      | Reached XP level 1. HP: 12/12 MP: 1/1
   126 | D:1      | Reached XP level 2. HP: 9/17 MP: 2/2
   551 | D:1      | Reached skill level 4 in Maces & Flails
   858 | D:2      | Reached XP level 3. HP: 6/21 MP: 3/3
  1447 | D:2      | Reached XP level 4. HP: 24/26 MP: 4/4
  1479 | D:3      | Found a glowing drain.
  1511 | D:3      | Reached skill level 5 in Maces & Flails
  1522 | Sewer    | Entered a sewer
  1587 | Sewer    | Noticed a big kobold
  1603 | Sewer    | Killed a big kobold
  1603 | Sewer    | Reached XP level 5. HP: 23/30 MP: 5/5
  1695 | Sewer    | Found a glowing silver altar of Zin.
  1704 | Sewer    | Became a worshipper of Zin the Law-Giver
  1789 | D:3      | Noticed Jessica
  1795 | D:3      | Killed Jessica
  1795 | D:3      | Reached skill level 6 in Maces & Flails
  2136 | D:3      | Acquired Zin's first power
  2515 | D:4      | Reached XP level 6. HP: 33/35 MP: 6/6
  2592 | D:4      | Noticed a centaur
  2599 | D:4      | Killed a centaur
  2599 | D:4      | Reached skill level 1 in Armour
  2869 | D:4      | Slain by an ogre

Action                   |  1- 3 |  4- 6 || total
-------------------------+-------+-------++-------
Melee: Whip              |   198 |   137 ||   335
       Flail             |     4 |       ||     4
 Fire: Hunting sling     |       |     8 ||     8
Throw: Stone             |     2 |       ||     2
  Use: Scroll            |     6 |     4 ||    10
       Potion            |       |     1 ||     1
  Eat: Chunk             |     1 |     5 ||     6
